AoeStats
← JermWorm

Arabia

508357502Analyzed
1v1 RM · 11d ago on Sep 22, 2026· 52m 52s· 2 players
Game mode
Random Map
Map size
Tiny (2 player)
Population
200
Speed
Normal
Resources
Standard
Victory
Conquest
Starting age
Dark Age
Ending age
Imperial Age
RankedLock teamsTeams togetherTeam positionsShared explorationLock speedFull tech treeHidden civsTurbo modeCheats
Victory
Defeat
🇻🇳 Tatars · Vietnam
1412
+15
🇺🇸 Teutons · United States
1394
-15
JermWorm
7:30 Loom
9:44 Feudal Age
10:21 Double-Bit Axe
20:12 Castle Age
18:47 Horse Collar
20:57 Bloodlines
24:52 Bloodlines
25:16 Scale Barding Armor
28:09 Chain Barding Armor
28:27 Town Watch
31:00 Ballistics
33:43 Wheelbarrow
34:31 Gold Mining
40:40 Imperial Age
38:28 Fletching
38:26 Elite Skirmisher
39:05 Bodkin Arrow
39:30 Stone Mining
40:28 Padded Archer Armor
40:42 Cavalier
42:05 Plate Barding Armor
42:37 Hand Cart
43:43 Chemistry
43:30 Pikeman
44:59 Conscription
46:43 Halberdier
48:39 Squires
48:44 Scale Mail Armor
49:44 Forging
50:13 Bow Saw
52:30 Leather Archer Armor
quan.do19
6:22 Loom
8:54 Feudal Age
12:20 Double-Bit Axe
20:00 Castle Age
18:24 Gold Mining
18:59 Fletching
19:58 Bloodlines
20:49 Bodkin Arrow
21:42 Padded Archer Armor
22:15 Bow Saw
25:41 Horse Collar
27:15 Ballistics
27:16 Leather Archer Armor
28:35 Wheelbarrow
33:10 Imperial Age
32:48 Husbandry
33:22 Hand Cart
33:36 Stone Mining
34:02 Bracer
36:23 Heavy Cavalry Archer
37:27 Hand Cart
37:39 Scale Barding Armor
37:45 Forging
37:26 Light Cavalry
41:05 Chemistry
41:05 Ring Archer Armor
41:04 Conscription
42:40 Chain Barding Armor
42:30 Forging
45:10 Forging
46:01 Plate Barding Armor
48:26 Iron Casting
47:59 Heavy Plow
Connection lost

Rejoining the realm…

Still unreachable

The connection could not be restored.

Session expired

The server has moved on; the page needs a fresh start.